AoeStats
← Victor

MegaRandom

510154147Analyzed
3v3 RM · 2d ago on Sep 29, 2026· 26m 29s· 6 players
Game mode
Random Map
Map size
Normal (6 player)
Population
200
Speed
Normal
Resources
Standard
Victory
Conquest
Starting age
Dark Age
Ending age
Imperial Age
RankedLock teamsTeams togetherTeam positionsShared explorationLock speedFull tech treeHidden civsTurbo modeCheats
Victory
Defeat
🇫🇷 Saxons · France
1179
+16
🇫🇷 Italians · France
1163
+17
🇫🇷 Lithuanians · France
1154
+17
🇳🇱 Ethiopians · Netherlands
1191
-17
🇳🇱 Magyars · Netherlands
1185
-17
🇳🇱 Franks · Netherlands
1169
-16
HeN.Chiron
6:41 Loom
9:15 Feudal Age
9:43 Double-Bit Axe
9:40 Horse Collar
11:27 Horse Collar
19:43 Castle Age
18:59 Forging
19:30 Bloodlines
21:08 Bow Saw
20:59 Heavy Plow
21:28 Scale Barding Armor
23:35 Husbandry
25:33 Chain Barding Armor
melkillcam
8:02 Loom
10:08 Feudal Age
9:57 Loom
10:36 Double-Bit Axe
18:40 Castle Age
16:56 Fletching
17:03 Town Watch
18:40 Horse Collar
19:24 Pikeman
22:01 Heavy Plow
22:16 Bow Saw
22:06 Bodkin Arrow
26:27 Gold Mining
HeN.53drien
5:43 Loom
5:51 Loom
9:41 Feudal Age
11:59 Double-Bit Axe
14:09 Town Watch
14:44 Gold Mining
14:37 Horse Collar
15:23 Fletching
22:38 Castle Age
21:34 Padded Archer Armor
23:16 Bodkin Arrow
22:43 Crossbowman
26:32 Thumb Ring
Victor
8:17 Loom
10:27 Feudal Age
15:54 Castle Age
15:28 Double-Bit Axe
23:02 Horse Collar
23:12 Town Watch
Redhead
7:57 Loom
10:29 Feudal Age
16:20 Castle Age
20:30 Scale Barding Armor
21:59 Forging
22:39 Town Watch
23:30 Wheelbarrow
Kees Harakir!
9:03 Loom
11:09 Feudal Age
11:50 Double-Bit Axe
16:39 Horse Collar
24:01 Castle Age
23:18 Padded Archer Armor
23:36 Town Watch
23:47 Fletching
24:18 Crossbowman
25:03 Thumb Ring
Connection lost

Rejoining the realm…

Still unreachable

The connection could not be restored.

Session expired

The server has moved on; the page needs a fresh start.